 Dungeon Crawl Stone Soup version 0.31-a0-1338-gb567cfdca4 (webtiles) character file.

Game seed: 12817856916333956744

123 jasper the Grave Robber (level 4, -4/30 HPs)
             Began as a Mummy Necromancer on Dec 22, 2023.
             Slain by Menkaure (13 damage)
             ... on level 4 of the Dungeon.
             The game lasted 00:03:35 (2505 turns).

jasper the Grave Robber (Mummy Necromancer)         Turns: 2505, Time: 00:03:35

Health: -4/30      AC:  3    Str: 11    XL:     4   Next: 79%
Magic:  6/8        EV: 11    Int: 16    God:
Gold:   90         SH:  0    Dex: 12    Spells: 1/9 levels left

rFire   x . .        l - +0 quarterstaff
rCold   + . .        (shield currently unavailable)
rNeg    + + +        d - +0 leather armour
rPois   ∞            (no helmet)
rElec   .            (no cloak)
rCorr   .            (no gloves)
SInv    .            (no boots)
Will    .....        (no amulet)
Stlth   +            (no ring)
HPRegen 0.25/turn    (no ring)
MPRegen 0.11/turn

%: faith
@: no status effects
A: cold resistance 1, negative energy resistance 3, torment resistance 2, heat
vulnerability 1, in touch with death 1, no potions, faith
a: no special abilities


You were on level 4 of the Dungeon.
You visited 1 branch of the dungeon, and saw 4 of its levels.

You collected 90 gold pieces.

Inventory:

Hand Weapons
 e - a +0 short sword
 f - a +0 trident
 i - a +3 dagger
 l - a +0 quarterstaff (weapon)
Missiles
 j - 24 stones
Armour
 a - a +0 robe
 d - a +0 leather armour (worn)
Magical Staves
 g - a staff of conjuration
Scrolls
 b - 2 scrolls of identify {unknown}
 c - a scroll of enchant armour {unknown}
 h - a scroll of teleportation {unknown}
 k - a scroll of acquirement {unknown}
 m - a scroll of immolation {unknown}
 n - a scroll of fog {unknown}


   Skills:
 - Level 1.5 Dodging
 - Level 1.5 Stealth
 - Level 3.0 Spellcasting
 + Level 6.1 Necromancy


You had one spell level left.
You knew the following spells:

 Your Spells              Type           Power      Damage    Failure   Level
a - Necrotise             Necr           100%       1d9       1%          1
b - Vampiric Draining     Necr           33%        2d8       6%          3
c - Animate Dead          Necr           33%        N/A       21%         4

Your spell library contained the following spells:

 Spells                   Type           Power      Damage    Failure   Level
 Agony                    Necr           33%        N/A       50%         5
 Brom's Barrelling Bould  Conj/Erth      2%         2d3       94%         4
 Fireball                 Conj/Fire      1%         3d3       100%        5
 Iskenderun's Battlesphe  Conj           2%         2d6       100%        5
 Conjure Ball Lightning   Conj/Air       1%         3x3d6     100%        6
 Orb of Destruction       Conj           1%         9d5       100%        7


Dungeon Overview and Level Annotations

Branches:
Dungeon (4/15)
 Temple: D:4-7

Altars:

Annotations:
D:2 Terence
D:4 Menkaure


Innate Abilities, Weirdness & Mutations

You are immune to poison.
Your flesh is cold resistant. (rC+)
You are immune to negative energy. (rN+++)
You are immune to unholy pain and torment.
You are vulnerable to heat. (rF-)
You are in touch with the powers of death.
You do not drink.
You have a special connection with the divine. (Faith)


Message History

The dead are walking!
You now have 7/8 mp.
Aiming: Necrotise (safe; 1% risk of failure)
Press: ? - help, Q - select action, (/) - cycle Shift-Dir - straight line, f - hobgoblin
Aim: a hobgoblin (ally target, chance to affect: 93%)
You feel a surge of power!
The hobgoblin writhes in agony.
Menkaure, Prince of Dust comes into view.
You now have 6/8 mp.
Aiming: Necrotise (safe; 1% risk of failure)
Press: ? - help, Q - select action, (/) - cycle Shift-Dir - straight line, f/p - hobgoblin
Aim: a hobgoblin (almost dead, ally target, chance to affect: 93%)
You feel a surge of power!
The hobgoblin writhes in agony!
You kill the hobgoblin!
The dead are walking!
Menkaure barely misses your kobold skeleton.
You now have 5/8 mp.
Your kobold skeleton hits Menkaure.
Menkaure hits your kobold skeleton!!
Your kobold skeleton is destroyed!
Menkaure shouts!
You aren't carrying any items that you can evoke.
You can't drink.
Unknown command.
Okay, then.
l - a +0 quarterstaff (weapon)
Menkaure gestures wildly while chanting.
Menkaure seems to speed up.
Found 2 smoky golden potions.
Found a stone staircase leading up.
You barely miss Menkaure.
Menkaure is lightly damaged.
Menkaure hits you.
A hobgoblin comes into view.
You take 4 damage, and have 26/30 hp.
You hit Menkaure.
Menkaure is moderately damaged.
Menkaure hits you!!
Ouch! That really hurt!
* * * LOW HITPOINT WARNING * * *
Your hobgoblin skeleton barely misses Menkaure.
Menkaure hits you!
You die...

... . .g . .. ##. ....
#####. .. .... #.....#.#
...K ##.#.#(..# ..#
.....Z).<# ..#
...#.#M@####..#
!.............##########
.....####..#.?##........
..## #..## ##.......# .
#####.#######.......#
#.....##............#
#..#......####.......#
......###### #.......#
..#### #########


You could see Menkaure (fast, ally target), a hobgoblin and a friendly hobgoblin
skeleton.

Vanquished Creatures
  An orc priest (D:3)
  2 adders
  A bombardier beetle (D:3)
  2 worms
  A dart slug (D:1)
  4 orcs
  6 endoplasms
  3 giant cockroaches
  2 goblins
  2 hobgoblins
  2 jackals (D:3)
  5 kobolds
  5 quokkas
  6 ball pythons
  5 bats
  A frilled lizard (D:1)
  5 rats
53 creatures vanquished.

Vanquished Creatures (collateral kills)
  A dart slug (D:3)
1 creature vanquished.

Grand Total: 54 creatures vanquished

Notes
Turn   | Place    | Note
-------+----------+-------------------------------------------
     0 | D:1      | jasper the Mummy Necromancer began the quest for the Orb.
     0 | D:1      | Reached XP level 1. HP: 13/13 MP: 4/4
   235 | D:1      | Found a faded altar of an unknown god.
   327 | D:1      | Reached XP level 2. HP: 19/19 MP: 1/6
  1115 | D:2      | Reached XP level 3. HP: 10/24 MP: 1/7
  1216 | D:2      | Reached skill level 5 in Necromancy
  1219 | D:2      | Noticed Terence
  1242 | D:3      | Learned a level 3 spell: Vampiric Draining
  1524 | D:3      | Reached XP level 4. HP: 30/30 MP: 3/8
  1530 | D:3      | Learned a level 4 spell: Animate Dead
  2103 | D:3      | Reached skill level 6 in Necromancy
  2497 | D:4      | Noticed Menkaure
  2505 | D:4      | Slain by Menkaure

Illustrated notes

Levels and vault maps discovered:
D:1:      dpeg_arrival_radiant, layout_basic, basic_ecumenical_altar,
          hangedman_decor_growths, chequers_decorated_corner,
          minmay_tetromino_s2
D:2:      layout_basic, nicolae_shop_unique_rings, uniq_natasha, uniq_terence
D:3:      layout_basic, hangedman_decor_peaks_small, minmay_misc_feat_alley
D:4:      layout_rooms, serial_glass, glass_columns_b, glass_columns_a,
          uniq_menkaure

Skill      XL: |  1  2  3  4 |
---------------+-------------+-----
Spellcasting   | 3 |  3.0
Necromancy     | 5 6 |  6.1
Dodging        | |  1.5
Stealth        | |  1.5

Action                     |  1- 3 |  4- 6 || total
---------------------------+-------+-------++-------
  Melee: Trident           |     7 |     3 ||    10
         Quarterstaff      |       |     2 ||     2
   Cast: Necrotise         |    65 |    37 ||   102
 Armour: Robe              |     4 |       ||     4
         Leather armour    |    14 |     3 ||    17
  Dodge: Dodged            |     8 |     4 ||    12

Table legend: (Time is in decaauts)
 A = Elapsed time spent in this place.
 B = Non-inter-level travel time spent in this place.
 C = Inter-level travel time spent in this place.
 D = Time resting spent in this place.
 E = Time spent auto-exploring this place.
 F = Levels seen in this place.
 G = Mean time per level.
                   A        B        C        D        E       F      G
               +--------+--------+--------+--------+--------+-----+--------+
         Total |   2507 |   2414 |     93 |     68 |   1986 |   4 |  626.8 |
       Dungeon |   2507 |   2414 |     93 |     68 |   1986 |   4 |  626.8 |
               +--------+--------+--------+--------+--------+-----+--------+

Top non-repeatable levels by time:
     D:3: 1144 daAuts
     D:1: 946 daAuts
     D:2: 291 daAuts
     D:4: 124 daAuts
